[Event "Early-Titled-Tuesday-Blitz-May-28-2024"]
[Site "Chess.com"]
[Date "2024.05.28"]
[Round "5"]
[White "Barmen_EV"]
[Black "DvaHrasta"]
[Result "0-1"]
[WhiteElo "2557"]
[BlackElo "2441"]
[TimeControl "180+1"]
[EndTime "8:58:02 PDT"]
[Termination "DvaHrasta won by checkmate"]

1. e4 c6 2. d4 d5 3. e5 c5 4.
c3 Nc6 5. h3 Nh6 6. Nf3 e6 7.
Bd3 cxd4 8. cxd4 Nf5 9. Bxf5 exf5 10. Nc3 Be6 11. Qb3 Qd7 12. Bf4 Be7 13. O-O O-O 14. Nb5 Na5 15. Qa4 a6 16. Qxa5 axb5 17. Qd2 b4 18. b3 Rfc8 19. Rfc1 h6 20. Bxh6 gxh6 21. Qxh6 Qd8 22. h4 Qf8 23. Qd2 Rxc1+ 24. Rxc1 Rc8 25. Rxc8 Qxc8 26. h5 Kh7 27. Kh2 Qc3 28. Qf4 Qc2 29. h6 f6 30. Qg3 Bf8 31. exf6 Bxh6 32. Ng5+ Bxg5 33. Qxg5 Qc7+ 34. g3 Qf7 35. Qd2 Qxf6 36. Qxb4 Qf7 37. Qd6 Kg6 38. a4 Qd7 39. Qe5 Bf7 40.
a5 Qe6 41. Qc7 Qe2 42. Kg2 Qe4+ 43. Kg1 Qxd4 44. Qxb7 Qe4 45. Qb6+ Kg7 46. a6 d4 47. a7 Bd5 48. Qc7+ Kg6 49. Qd6+ Kg5 50. Qd8+ Kg4 51. Qg8+ Kf3 52. Kh2 Qe1 53. a8=Q Qxf2+ 54. Kh3 Qg2+ 55. Kh4 Qh2+ 56. Kg5 Qxg3+ 57. Kf6 Bxa8 58. Qxa8+ Ke3 59. Qe8+ Kd2 60. Kxf5 d3 61. Qb5 Qe3 62. Qb4+ Ke2 63. Qc4 Kf2 64. Qc3 d2 65. Qc4 Qf3+ 66.
Qf4 d1=Q 67. Kg5 Qxf4+ 68. Kxf4 Qxb3 69. Kg5 Qb4 70. Kf6 Kf3 71. Kf7 Qc4+ 72. Kf8 Kf4 73. Kg7 Qc5 74. Kg8 Qb6 75. Kh8 Qa7 76. Kg8 Kf5 77. Kf8 Kf6 78. Ke8 Qe7# 0-1

[Event "Early-Titled-Tuesday-Blitz-May-28-2024"]
[Site "Chess.com"]
[Date "2024.05.28"]
[Round "5"]
[White "TheoSlade"]
[Black "profedechess93"]
[Result "1-0"]
[WhiteElo "2455"]
[BlackElo "2582"]
[TimeControl "180+1"]
[EndTime "8:58:03 PDT"]
[Termination "TheoSlade won on time"]

1. d4 d5 2. c4 c6 3. cxd5 cxd5 4.
Bf4 Nf6 5. e3 Nc6 6. Nc3 a6 7.
Be2 e6 8. Nf3 Bd6 9. Bxd6 Qxd6 10. O-O O-O 11. Rc1 e5 12. dxe5 Nxe5 13. Nxe5 Qxe5 14. Bf3 Be6 15. Qd2 Rfd8 16. Rfd1 Rac8 17. Qd4 Qxd4 18. Rxd4 Kf8 19. Rcd1 Ke7 20. g3 b6 21.
Kf1 Rc4 22. Ke2 b5 23. h4 Rxd4 24. Rxd4 Kd6 25. a3 Ke5 26. Rd2 h6 27. Bg2 g5 28. hxg5 hxg5 29. f4+ gxf4 30. gxf4+ Kf5 31. Bh3+ Kg6 32. Bxe6 fxe6 33. Kf3 Rh8 34. Rg2+ Kf7 35.
Ne2 Rc8 36. Nd4 Rc1 37. Rc2 Rxc2 38. Nxc2 Nd7 39. Nb4 Nc5 40. Kg4 Ke7 41. Kf3 Kd6 42. Ke2 a5 43. Nc2 Na4 44. b4 axb4 45. axb4 Nc3+ 46. Kd3 Ne4 47. Nd4 e5 48. Nxb5+ Ke6 49. Nc7+ Kd6 50. Ne8+ Ke7 51. Ng7 exf4 52. exf4 Kf6 53.
Nh5+ Kf5 54. Kd4 Ke6 55. b5 Nd6 56. b6 Nb7 57. Ng7+ Kf6 58. Ne8+ Kf5 59. Kxd5 Kxf4 60. Nd6 Na5 61. Kc5 Nb3+ 62. Kc4 Na5+ 63. Kb5 Nb3 64. b7 Nd4+ 65. Kc5 Ne6+ 66. Kc4 Nc7 67. b8=Q Ke5 68. Qxc7 1-0

[Event "Early-Titled-Tuesday-Blitz-May-28-2024"]
[Site "Chess.com"]
[Date "2024.05.28"]
[Round "5"]
[White "Szachulec75"]
[Black "gabduschew"]
[Result "1/2-1/2"]
[WhiteElo "2173"]
[BlackElo "2313"]
[TimeControl "180+1"]
[EndTime "8:58:05 PDT"]
[Termination "Game drawn - insufficient material"]

1. Nf3 d5 2. g3 c6 3. Bg2 Nd7 4. d3 e5 5. O-O Ngf6 6. Nbd2 Bd6 7. e4 O-O 8. c3 Re8 9. Qc2 Nf8 10. Re1 Ng6 11. h3 h5 12. Nf1 dxe4 13. dxe4 Bc5 14. Bg5 Qb6 15. b4 Be7 16. a4 a5 17. Reb1 axb4 18.
cxb4 Be6 19. b5 c5 20. Ne3 Rec8 21. Nc4 Bxc4 22. Qxc4 Qe6 23. Nd2 b6 24. a5 Rxa5 25. Rxa5 bxa5 26. b6 Qc6 27. Qa6 Ra8 28. Qb5 Qxb5 29.
Rxb5 Rb8 30. b7 Ne8 31. Bxe7 Nxe7 32. Nc4 Nc7 33. Rxa5 Rxb7 34. Rxc5 Ng6 35. Nxe5 Nxe5 36. Rxe5 Ne6 37. Rxh5 Rb1+ 38. Kh2 g6 39. Rd5 Kg7 40. f3 Rb2 41. h4 Nc7 42. Rd7 Ne6 43. Kh3 g5 44. h5 Kh6 45. Bf1 Kxh5 46. Rxf7 Kg6 47. Rf5 Rf2 48. Bd3 Ng7 49. Rf8 Rd2 50. Bb5 Rd6 51.
Rc8 Rb6 52. Rc6+ Rxc6 53. Bxc6 Kf6 54. f4 gxf4 55. gxf4 Ne6 56. Kg4 Nd4 57. Bd5 Nc2 58. e5+ Ke7 59. Kf5 Ne3+ 60. Ke4 Ng4 61. f5 Nf2+ 62. Kf4 Nd3+ 63. Ke4 Nc5+ 64. Kd4 Na4 65. Bc6 Nb6 66. Kc5 Nc8 67. Bd5 Na7 68. f6+ Kf8 69. Kd6 Nc8+ 70. Ke6 Nb6 71. Bc6 Nc4 72. Kf5 Ne3+ 73. Kg6 Ng4 74. e6 Ne5+ 75. Kf5 Nxc6 76.
e7+ Nxe7+ 77. fxe7+ Kxe7 1/2-1/2

[Event "Early-Titled-Tuesday-Blitz-May-28-2024"]
[Site "Chess.com"]
[Date "2024.05.28"]
[Round "5"]
[White "ahkashefi2800"]
[Black "topce"]
[Result "0-1"]
[WhiteElo "2544"]
[BlackElo "2421"]
[TimeControl "180+1"]
[EndTime "8:58:08 PDT"]
[Termination "topce won by checkmate"]

1. e4 c5 2. Na3 g6 3. c3 Bg7 4. Bc4 e6 5. Ne2 a6 6. d3 b5 7. Bb3 d5 8. exd5 exd5 9. O-O Ne7 10. c4 b4 11. Nc2 d4 12. a3 bxa3 13. Rxa3 O-O 14. Bd2 Nbc6 15. Ng3 Bb7 16. Ne4 Qb6 17.
Nd6 Rad8 18. Nxb7 Qxb7 19. Qa1 Ra8 20. Re1 Ne5 21. Ba4 Nxd3 22. Rxd3 Nf5 23. b4 Nh4 24. Rg3 d3 25. Qb1 dxc2 26. Bxc2 Rae8 27. Bg5 Rxe1+ 28.
Qxe1 cxb4 29. Bxh4 Rc8 30. Bb3 a5 31. Re3 Qc6 32. Qd1 h5 33. Rd3 Kh7 34. Rd6 Qc5 35.
Rd7 a4 36. Bxa4 Qxc4 37. Bb3 Qc1 38. h3 Qxd1+ 39. Rxd1 Rc3 40. Bxf7 b3 41. Rb1 b2 42. Kh2 Rc1 43. Ba2 Rc2 44. g4 Be5+ 45. Kg2 Kh6 46. Be7 hxg4 47. hxg4 Bd4 48. Kg3 Bxf2+ 49. Kf3 Bd4 50. Ke4 Bg7 51. Bd6 g5 52. Kf5 Rc1 53. Ke6 Bc3 54. Kd5 Bg7 55. Ke6 Kg6 56. Kd7 Kf6 57. Be7+ Kg6 58. Bd6 Bf6 59. Be7 Be5 60. Kd8 Kh6 61. Ke8 Kg6 62. Kf8 Kh6 63.
Kg8 Bg7 64. Bf7 Rxb1 65. Be6 Re1 66. Bf5 Rxe7 67. Bg6 Rb7 68. Be8 Rb6 69. Kf7 b1=Q 70. Bb5 Qb3+ 71. Bc4 Qxc4+ 72. Ke8 Rb5 73. Kd7 Rd5+ 74.
Ke6 Qe4+ 75. Kf7 Rd7+ 76. Kg8 Qe8# 0-1

[Event "Early-Titled-Tuesday-Blitz-May-28-2024"]
[Site "Chess.com"]
[Date "2024.05.28"]
[Round "5"]
[White "js20000"]
[Black "ccccvhhhj"]
[Result "1-0"]
[WhiteElo "2690"]
[BlackElo "2470"]
[TimeControl "180+1"]
[EndTime "8:58:10 PDT"]
[Termination "js20000 won by checkmate"]

1. b3 d5 2. Bb2 Nc6 3. Nf3 Bf5 4. e3 e6 5. Bb5 Nf6 6. Nd4 Qd7 7. Bxc6 bxc6 8.
Nxf5 exf5 9. Bxf6 gxf6 10. Nc3 Bd6 11. g3 Qe6 12. Ne2 c5 13. O-O h5 14. h4 Rg8 15.
Kh2 Qe4 16. f4 Rg4 17. Nc3 Qe6 18. Qf3 c6 19. Rae1 O-O-O 20. Nd1 Rdg8 21. Rg1 Qe4 22. Qe2 Qxc2 23. Nf2 R4g6 24. Qa6+ Kd7 25. Qxa7+ Bc7 26. Re2 Rb8 27. Qa6 Rgg8 28. Qd3 Qxd3 29. Nxd3 Bd6 30. Rc1 Rb5 31. Ree1 Ra8 32. Rc2 Rba5 33. Ra1 Rb8 34. Rac1 Rba8 35. a4 c4 36. bxc4 Rxa4 37. cxd5 cxd5 38.
Ne1 Ra2 39. Nf3 Rxc2 40. Rxc2 Ra1 41. Nd4 Rd1 42. Nxf5 Bb4 43. d4 Re1 44. Kg2 Bd6 45. Kf2 Rh1 46. Kg2 Re1 47. Ra2 Bb4 48. Kf2 Ke6 49.
Ng7+ Ke7 50. Rb2 Bc3 51. Rb7+ Kf8 52. Nf5 Ke8 53. Rb8+ Kd7 54. Rb7+ Kc8 55. Rxf7 Rh1 56. Rxf6 Rh2+ 57. Kf1 Rh1+ 58. Ke2 Rh2+ 59. Kd3 Bb2 60.
Ne7+ Kd7 61. Nxd5 Bc1 62. Ke4 Rh3 63. Rg6 Ke8 64. f5 Kf7 65. Rg5 Rh1 66. f6 Re1 67. Rg7+ Kf8 68. Re7 Rf1 69. Ke5 Ba3 70. Ra7 Bb2 71.
Ke6 Kg8 72. Ra8+ Kh7 73. f7 Ba3 74. Rxa3 Re1 75. f8=Q Rxe3+ 76. Nxe3 Kg6 77. Qf6+ Kh7 78. Ra7+ Kg8 79. Qg7# 1-0

[Event "Early-Titled-Tuesday-Blitz-May-28-2024"]
[Site "Chess.com"]
[Date "2024.05.28"]
[Round "5"]
[White "JiaHaoxiang"]
[Black "scarabee43"]
[Result "0-1"]
[WhiteElo "2625"]
[BlackElo "2825"]
[TimeControl "180+1"]
[EndTime "8:58:22 PDT"]
[Termination "scarabee43 won by resignation"]

1. e4 c5 2. d4 cxd4 3. c3 d5 4.
Qxd4 Nf6 5. exd5 Qxd5 6. Nf3 Nc6 7. Qxd5 Nxd5 8. Bc4 Nb6 9. Bb5 Bd7 10. O-O e6 11.
Bf4 Be7 12. Rd1 O-O 13. Nbd2 a6 14. Bf1 Nd5 15. Bg3 Rfd8 16. c4 Nf6 17. a3 Be8 18. b4 Rd7 19. Nb3 Rad8 20. Be2 Ne4 21. Rxd7 Rxd7 22. Bf4 Bf6 23. Rd1 Nc3 24. Rxd7 Nxe2+ 25. Kf1 Bxd7 26. Kxe2 Kf8 27. Nc5 Bc8 28. Bd2 Bb2 29.
a4 e5 30. b5 axb5 31. cxb5 Nd4+ 32. Nxd4 Bxd4 33. Nb3 Bb2 34. Kd3 Bf5+ 35. Kc4 Ke7 36. a5 Be6+ 37. Kb4 Bd5 38. f3 Kd6 39. Be3 f5 40.
Bc5+ Kc7 41. Bb6+ Kd6 42. Bc5+ Kd7 43. Bf8 g6 44. Nc5+ Kc7 45. Bg7 Bd4 46. Nb3 Bb2 47. Nc5 Kd6 48. b6 Bd4 49. Nd3 g5 50. Bf8+ Kd7 51.
Nc5+ Kc6 52. Nd3 e4 53. fxe4 Bxe4 54. Ne1 Bf2 55. Nf3 g4 56. Ne5+ Kd5 57. a6 bxa6 58. b7 Ba7 59. Nd7 Bxg2 60. Bc5 Kc6 61. Bxa7 Kxb7 62. Be3 Kc6 63. Nc5 Kd5 64. Kc3 a5 65. Kd3 Bf1+ 66. Kd2 h5 67. Ke1 Bb5 68. Kf2 a4 69. Nxa4 Bxa4 70. Kg3 Ke4 71. Bg5 Bd7 72. Bh6 f4+ 73. Bxf4 h4+ 74. Kxh4 Kxf4 75. Kh5 Kf3 76. Kh4 Kg2 0-1

[Event "Early-Titled-Tuesday-Blitz-May-28-2024"]
[Site "Chess.com"]
[Date "2024.05.28"]
[Round "5"]
[White "Thjop"]
[Black "NikitaShnadrygin"]
[Result "1-0"]
[WhiteElo "2622"]
[BlackElo "2786"]
[TimeControl "180+1"]
[EndTime "8:58:22 PDT"]
[Termination "Thjop won by checkmate"]

1. e4 c5 2. Nf3 e6 3. g3 Nc6 4. Bg2 d5 5. exd5 exd5 6. O-O Bg4 7. h3 Bh5 8. g4 Bg6 9. d4 Nf6 10. Re1+ Be7 11. dxc5 O-O 12. Be3 Ne4 13. c3 Bxc5 14. Nbd2 Qb6 15. Nxe4 Bxe4 16. Bxc5 Qxc5 17. Qd2 Rfe8 18.
Rad1 h6 19. Nd4 Bxg2 20. Kxg2 Ne5 21. b3 Rad8 22. Re3 Ng6 23. Ne2 Qc7 24. Qd4 a6 25.
Rdd3 Ne5 26. Rd2 Nc6 27. Rxe8+ Rxe8 28. Qxd5 Ne5 29. c4 Ng6 30. Kg1 Nh4 31. Kf1 Qh2 32. Rd3 Re5 33. Qxb7 Ng6 34. Qg2 Qxg2+ 35. Kxg2 Rxe2 36.
Rd8+ Kh7 37. c5 Rc2 38. b4 a5 39. a3 axb4 40. axb4 Rc4 41. Rb8 Nf4+ 42. Kf3 Nd5 43. c6 Rxc6 44. Ke4 Ne7 45. b5 Rf6 46. f4 Re6+ 47.
Kd4 g6 48. Kc5 h5 49. b6 hxg4 50. hxg4 Rc6+ 51. Kb5 Rc1 52. b7 Nd5 53. Rh8+ Kg7 54. b8=Q Rb1+ 55. Kc5 Rxb8 56. Rxb8 Nxf4 57. Kd4 Ne6+ 58.
Ke5 Ng5 59. Rb7 Nf3+ 60. Kf4 Nd4 61. Ke4 Ne6 62. Ra7 Kf6 63. Kf3 Ng5+ 64. Kg3 Ne6 65. Kf3 g5 66. Ra5 Kg6 67. Kg3 f6 68. Ra6 Nf4 69. Kf3 Nd3 70. Rd6 Ne5+ 71. Kg3 Nc4 72.
Rd4 Ne5 73. Ra4 Nf7 74. Ra8 Nd6 75. Rg8+ Kf7 76. Ra8 Ke6 77. Ra6 Kd5 78. Ra5+ Ke6 79. Ra6 Ke7 80. Kf3 Ke6 81. Ke3 Ke7 82. Kd4 Nf7 83.
Ke4 Nd6+ 84. Kd5 Nf7 85. Ra7+ Ke8 86. Ke6 Ne5 87. Ra8# 1-0

[Event "Early-Titled-Tuesday-Blitz-May-28-2024"]
[Site "Chess.com"]
[Date "2024.05.28"]
[Round "5"]
[White "lamomiajunior"]
[Black "xakevicius91"]
[Result "0-1"]
[WhiteElo "2715"]
[BlackElo "2499"]
[TimeControl "180+1"]
[EndTime "8:58:27 PDT"]
[Termination "xakevicius91 won by checkmate"]

1. e4 c5 2. Nf3 e6 3. d4 cxd4 4. Nxd4 Nc6 5. Nc3 Qc7 6. Be3 a6 7. g4 Nxd4 8. Qxd4 b5 9. Bg2 Bb7 10. O-O-O Rc8 11. Bf4 Qxf4+ 12. Kb1 Qc7 13. Rhe1 Ne7 14.
Qd2 Ng6 15. Ne2 Ne5 16. f4 Nc4 17. Qd4 Nb6 18. c3 Qc5 19. Qd2 Be7 20. Nd4 O-O 21.
g5 Nc4 22. Qe2 d5 23. f5 e5 24. Nb3 Qb6 25. f6 gxf6 26. exd5 fxg5 27. Nd4 exd4 28.
Qxe7 dxc3 29. Be4 cxb2 30. Qxg5+ Kh8 31. Bf5 Rg8 32. Qh4 Rg7 33. Bxc8 Qg6+ 34. Qe4 Bxc8 35. Qxg6 hxg6 36. Kc2 Bf5+ 37. Kc3 Rg8 38. d6 b1=Q 39. Rxb1 Bxb1 40. Rxb1 Nxd6 41. Kd4 Nf5+ 42. Kc5 Kg7 43.
Kb6 Rh8 44. Rb2 Nd6 45. Kxa6 Rh3 46. Rd2 Nc4 47. Rf2 Ra3+ 48. Kxb5 Ne5 49. Re2 Ng4 50. Rg2 Nf6 51. Kb4 Ra8 52. a4 Nd5+ 53. Kb5 Nc3+ 54.
Kb4 Nxa4 55. Kb5 Nc3+ 56. Kc4 Ne4 57. Kd4 Nf6 58. Rb2 Ra4+ 59. Ke5 Ra5+ 60. Kf4 Rf5+ 61.
Kg3 Rg5+ 62. Kf4 Rh5 63. Kg3 g5 64. Rb5 Kg6 65. h3 Rh4 66. Rb6 Re4 67. Rd6 Re6 68. Rd8 Nh5+ 69. Kg4 Re4+ 70. Kf3 Ra4 71. Rd6+ f6 72. Rd8 Nf4 73. h4 Ne6 74. Rd6 Kf5 75. h5 g4+ 76. Kg3 Ra3+ 77. Kg2 Rh3 78. Rd5+ Ke4 79. Rd6 Nf4+ 80. Kg1 Rxh5 81. Rxf6 Kf3 82. Rb6 g3 83. Rb3+ Kg4 84. Rb6 Re5 85.
Rg6+ Kf3 86. Rxg3+ Kxg3 87. Kf1 Re6 88. Kg1 Re1# 0-1

[Event "Early-Titled-Tuesday-Blitz-May-28-2024"]
[Site "Chess.com"]
[Date "2024.05.28"]
[Round "5"]
[White "Wizard_97"]
[Black "andrzej"]
[Result "0-1"]
[WhiteElo "2709"]
[BlackElo "2502"]
[TimeControl "180+1"]
[EndTime "8:58:31 PDT"]
[Termination "andrzej won by checkmate"]

1. e4 c5 2. Nc3 d6 3. Nf3 Nf6 4. d4 cxd4 5. Nxd4 a6 6. Be3 e5 7.
Nb3 Be7 8. f3 O-O 9. Qd2 h5 10.
Be2 Be6 11. O-O Nbd7 12. Nd5 Nxd5 13. exd5 Bf5 14. c4 a5 15. a4 b6 16. f4 exf4 17.
Bxf4 Bg6 18. Nd4 Ne5 19. b3 Bf6 20. Rae1 Re8 21. h3 h4 22. Kh2 Ra7 23. Kh1 Rae7 24.
Bd1 Nxc4 25. bxc4 Rxe1 26. Rxe1 Rxe1+ 27. Qxe1 Bxd4 28. Bg4 Bf6 29. Qe3 Kf8 30. Qa3 Be7 31.
Qb3 Qc7 32. Be3 Bd8 33. Bd4 Qe7 34. Qc3 f5 35. Bf3 Be8 36. Qa1 Qg5 37. Qb1 Bf6 38. Qxb6 Qc1+ 39. Bg1 Qf4 40. Bh2 Qc1+ 41. Qg1 Qxc4 42.
Bxd6+ Kg8 43. Qb6 Bd4 44. Qb1 Bxa4 45. Bf4 Bc2 46. Qc1 Qd3 47. d6 Bf6 48. Qe1 Kh7 49. Be2 Qd5 50. Bf3 Qd3 51. Be2 Qd5 52. Bf3 Qb5 53.
Qd2 Be4 54. Bxe4 fxe4 55. d7 Qb1+ 56. Kh2 Qb6 57. Be3 Qc7+ 58. Bf4 Qd8 59. Qd5 Qe7 60.
Qh5+ Kg8 61. Qe8+ Kh7 62. Qh5+ Kg8 63. Qd5+ Kh7 64. Qf5+ Kg8 65. Qe5 Bxe5 66. d8=Q+ Qxd8 67. Bxe5 Qe7 68. Bf4 Qf6 69. Be3 Qf5 70. Kg1 Qd5 71. Bf2 Qd3 72. Kh2 e3 73. Bxh4 e2 74. Be1 Qd1 75. Bf2 e1=Q 76. Bxe1 Qxe1 77. h4 a4 78. Kh3 a3 79. Kg4 a2 80. Kh5 a1=Q 81. g4 Qae5+ 82. g5 Q1e2+ 83. Kg6 Qe6# 0-1

[Event "Early-Titled-Tuesday-Blitz-May-28-2024"]
[Site "Chess.com"]
[Date "2024.05.28"]
[Round "5"]
[White "AnishOnYoutube"]
[Black "JeFumeDesClopes"]
[Result "1/2-1/2"]
[WhiteElo "3032"]
[BlackElo "2709"]
[TimeControl "180+1"]
[EndTime "8:58:34 PDT"]
[Termination "Game drawn - insufficient material"]

1. Nf3 g6 2. c4 Bg7 3. Nc3 d6 4.
g3 e5 5. Bg2 Ne7 6. O-O c5 7.
Rb1 Nbc6 8. a3 a5 9. d3 O-O 10. Bg5 f6 11. Bd2 Be6 12. Ne4 Rb8 13. b4 axb4 14.
axb4 cxb4 15. Bxb4 Nxb4 16. Rxb4 d5 17. Nc5 Bf7 18.
cxd5 Nxd5 19. Rb3 Qe7 20. Ne4 Rfc8 21. Qd2 Ne3 22. Rxb7 Nxf1 23. Rxb8 Rxb8 24. Bxf1 Bd5 25. Qe3 h6 26. Ned2 Kh7 27. h4 h5 28. Ne4 Bh6 29. Qc5 Qxc5 30. Nxc5 Bxf3 31. exf3 Bf8 32. Nd7 Rd8 33.
Nxf6+ Kg7 34. Ne4 Rd5 35. Kg2 Bc5 36. Ng5 Bd4 37. f4 exf4 38. Ne6+ Kf6 39. Nxf4 Ra5 40. Be2 Ra2 41. Kf3 Kf5 42. Nh3 Be5 43. Ng5 Bd4 44.
Ne4 Be5 45. Ke3 Bd4+ 46. Kf3 Be5 47. Bf1 Bd4 48. Bg2 Ke5 49. Bf1 Kf5 50. Bh3+ Ke5 51. Bd7 Ra3 52. Bb5 Rb3 53. Bc4 Rb2 54. Kg2 Rc2 55.
Kf3 Rb2 56. Bf7 Rb6 57. Ke2 Kf5 58. Kf1 Rb2 59. Bd5 Ke5 60. Bc4 Kf5 61. Bf7 Rc2 62. Be8 Rb2 63. Bd7+ Ke5 64. Bc6 Rb1+ 65. Ke2 Rb2+ 66.
Kf3 Kf5 67. Bd7+ Ke5 68. Bh3 Ra2 69. Bf1 Rb2 70. Be2 Ra2 71. Bd1 Rb2 72. Kg2 Ra2 73. Bb3 Rb2 74. Bc4 Rc2 75. Bf7 Kf5 76. Be8 Rb2 77. Kf3 Rc2 78. Bd7+ Ke5 79. g4 hxg4+ 80. Bxg4 Rb2 81. Bd7 Rb3 82. Ke2 Kf4 83. Be8 Rb2+ 84. Ke1 Rb3 85. Ke2 Rb2+ 86. Ke1 Rb3 87.
Bxg6 Rxd3 88. Ke2 Ra3 89. h5 Ra2+ 90. Kf1 Kf3 91. Ke1 Bxf2+ 92. Nxf2 Rxf2 93. h6 Rh2 94. h7 Kf4 95. Kf1 Kg5 96. Be4 Rxh7 97. Bxh7 1/2-1/2

[Event "Early-Titled-Tuesday-Blitz-May-28-2024"]
[Site "Chess.com"]
[Date "2024.05.28"]
[Round "5"]
[White "PabloZarnicki"]
[Black "pirulillo"]
[Result "0-1"]
[WhiteElo "2534"]
[BlackElo "2378"]
[TimeControl "180+1"]
[EndTime "8:58:34 PDT"]
[Termination "pirulillo won by checkmate"]

1. e4 c5 2. Nf3 e6 3. d3 Nc6 4. g3 g6 5. Bg5 Qc7 6. Bg2 Bg7 7.
c3 h6 8. Be3 d6 9. O-O Nge7 10. d4 cxd4 11. cxd4 d5 12. Nc3 dxe4 13. Nxe4 Nd5 14. Rc1 O-O 15. Qd2 Kh7 16. h4 Qa5 17. Qxa5 Nxa5 18. Ne5 Bxe5 19. dxe5 Bd7 20. Bc5 Rfd8 21.
Nd6 Kg7 22. b4 Nc6 23. Nxb7 Rdb8 24. Bxd5 exd5 25. Nd6 Nxb4 26. Bxb4 Rxb4 27. Rc7 Be6 28. f4 Rb2 29. g4 d4 30. Rf2 Rab8 31. Nxf7 Rxf2 32. Kxf2 Rb2+ 33. Kg3 Bxf7 34. e6 d3 35. Rxf7+ Kg8 36. Rd7 d2 37. f5 gxf5 38. gxf5 Rxa2 39.
f6 Ra6 40. e7 Kf7 41. Rd8 Re6 42.
Rf8+ Kg6 43. h5+ Kxh5 44. Rd8 Kg6 45. Rd6 d1=Q 46. Rxd1 Kxf6 47. Rh1 Kxe7 48. Kf4 Kd7 49. Kf5 Rb6 50. Ra1 a6 51. Ke5 Kc7 52. Rc1+ Kb7 53.
Rc2 a5 54. Kd5 Ka6 55. Kc5 Rb5+ 56. Kc6 Rb6+ 57. Kc7 h5 58. Rc5 a4 59. Rc4 Ka5 60. Rc5+ Rb5 61. Rc6 a3 62. Rc2 Kb4 63. Kc6 Rg5 64. Rc1 Kb3 65. Rb1+ Ka2 66. Rd1 Kb2 67. Rd2+ Ka1 68. Rd1+ Ka2 69. Rd2+ Kb3 70. Rd3+ Kb2 71.
Rd2+ Kc3 72. Ra2 Rg6+ 73. Kd5 Kb3 74. Rg2 Rh6 75. Rg3+ Kb4 76. Rg2 h4 77. Rh2 h3 78.
Kd4 a2 79. Rxa2 h2 80. Rb2+ Ka3 81. Rb8 Rh4+ 82. Kd3 h1=Q 83. Kc3 Qc1+ 84. Kd3 Rh3+ 85.
Ke2 Qc2+ 86. Kf1 Rh1# 0-1

[Event "Early-Titled-Tuesday-Blitz-May-28-2024"]
[Site "Chess.com"]
[Date "2024.05.28"]
[Round "5"]
[White "JaloliddinIlkhomi"]
[Black "Oleksandr_Bortnyk"]
[Result "0-1"]
[WhiteElo "2792"]
[BlackElo "3017"]
[TimeControl "180+1"]
[EndTime "8:58:37 PDT"]
[Termination "Oleksandr_Bortnyk won by resignation"]

1. Nf3 Nf6 2. d4 b6 3. Bf4 Bb7 4. e3 d6 5. Be2 Nbd7 6. h3 g6 7. O-O Bg7 8. c4 O-O 9. Nc3 Ne4 10. Qc2 Nxc3 11. bxc3 c5 12. Bg3 Rc8 13. a4 Qc7 14. a5 bxa5 15. Qa4 Bxf3 16. gxf3 e5 17. Qxa5 Qxa5 18. Rxa5 cxd4 19. cxd4 exd4 20. Rxa7 Ne5 21. exd4 Nc6 22. Ra2 Rfd8 23. d5 Nd4 24. Rd1 Nxe2+ 25.
Rxe2 Rxc4 26. Rde1 Rcc8 27. Re7 Bf6 28. Rb7 Rc5 29.
Rd1 Kg7 30. Rb6 Be5 31. Bxe5+ dxe5 32. d6 Rd7 33. Kg2 Kf6 34. Kg3 Rc3 35. Kg2 Ke6 36.
Ra6 h5 37. Rb6 Rc4 38. Ra6 Rd4 39. Re1 R7xd6 40. Ra5 f6 41. Ra2 Kf5 42. Ree2 Rd3 43. Ra4 R6d4 44. Ra6 Rf4 45. Re3 Rd2 46. Rc3 Kg5 47.
Kg3 h4+ 48. Kg2 Rb4 49. Ra1 Rbb2 50. Rf1 Rdc2 51. Re3 Rc4 52. Rg1 Kf5 53. Rf1 Rf4 54.
Kg1 Rc2 55. Kg2 Rd4 56. Rfe1 Rdd2 57. Rf1 Rb2 58. Rc3 g5 59. Re3 Rdc2 60. Rd3 Ra2 61. Re3 Rcb2 62. Rd3 Re2 63. Rc3 Red2 64. Re3 Rd4 65.
Rc3 Rad2 66. Re3 R2d3 67. Rxd3 Rxd3 68. Re1 Rc3 69. Re2 Rc4 70. Rd2 Kf4 71. Re2 Rd4 72. Rc2 Rb4 73. Re2 Ra4 74. Rd2 Ra3 75. Rd6 f5 76. Rf6 Rxf3 77. Rxf5+ Kxf5 78. Kxf3 g4+ 79. Kg2 Kf4 80. hxg4 Kxg4 81. Kh2 Kf3 82. Kg1 h3 83.
Kh2 Kxf2 0-1

[Event "Early-Titled-Tuesday-Blitz-May-28-2024"]
[Site "Chess.com"]
[Date "2024.05.28"]
[Round "5"]
[White "NiranjanNavalgund"]
[Black "lachesisQ"]
[Result "1/2-1/2"]
[WhiteElo "2483"]
[BlackElo "3088"]
[TimeControl "180+1"]
[EndTime "8:59:16 PDT"]
[Termination "Game drawn by repetition"]

1. d4 Nf6 2. c4 e6 3. g3 d5 4. Bg2 a6 5. Qc2 h6 6. Nf3 dxc4 7. a4 Bb4+ 8. Bd2 c5 9. O-O O-O 10. dxc5 Bxc5 11. Qxc4 Nbd7 12. Nc3 Qe7 13. a5 b5 14. axb6 Nxb6 15. Qh4 Bb7 16. Na4 Nxa4 17. Rxa4 Rfd8 18. Bc3 Nd5 19. Qxe7 Bxe7 20. Ba5 Rdc8 21. Nd4 Bf6 22. e4 Ne7 23. Re1 Nc6 24. e5 Be7 25. Nxc6 Bxc6 26. Bxc6 Rxc6 27. Bc3 g5 28. Rd1 Ra7 29.
Kg2 Kg7 30. Kf3 Kg6 31. Ke4 g4 32. h4 h5 33. f3 gxf3 34. Kxf3 Rac7 35. Rda1 Rc4 36.
Rxc4 Rxc4 37. Rxa6 Rg4 38. Ra8 Kg7 39. Rb8 Rc4 40.
Rb7 Bf8 41. Rd7 Kg6 42. Rd4 Rc6 43. g4 Ra6 44. Rd7 Ra1 45. gxh5+ Kxh5 46. Kg2 Kg6 47. h5+ Kxh5 48. Rxf7 Bc5 49. Rf6 Kg4 50. Rxe6 Rg1+ 51. Kh2 Rc1 52. Rg6+ Kf5 53. Rg2 Be3 54. Re2 Bf4+ 55. Kg2 Ke6 56. Rf2 Bg5 57. Kf3 Rd1 58. Ke4 Rh1 59. Rg2 Rh4+ 60. Kd3 Be7 61. Rg6+ Kd5 62. Rg7 Bc5 63. Rd7+ Ke6 64. Rd8 Rg4 65.
Rc8 Kd5 66. Ra8 Ke6 67. Ra5 Be7 68. Rb5 Rg3+ 69. Kc4 Rg4+ 70. Kd3 Rg3+ 71. Kc2 Rg4 72. b4 Re4 73. Rb7 Bxb4 74. Bxb4 Rxe5 75. Kc3 Kd5 76.
Rd7+ Ke4 77. Rd4+ Kf5 78. Kd3 Ke6 79. Rh4 Rd5+ 80. Kc4 Rd1 81. Bc3 Kd7 82. Bd4 Rd2 83. Kd5 Rd1 84. Rh7+ Kd8 85. Ke5 Kc8 86. Kd5 Kd8 87. Kc5 Ke8 88. Ra7 Rd2 89. Be5 Rd7 90. Ra6 Rd1 91. Rh6 Kd7 92. Bd4 Rd2 93. Kd5 Rd1 94. Rd6+ Ke8 95. Ra6 Kd7 96. Ra7+ Kd8 97. Rh7 Rd2 98. Kc5 Ke8 99. Kd5 Kd8 100. Ke5 Kc8 101. Rf7 Rd1 102. Kd5 Kd8 103. Rf2 Kd7 104. Ra2 Kd8 105. Ra8+ Kd7 106. Ra7+ Kd8 107. Ke5 Kc8 108. Rh7 Rd2 109.
Kd5 Kd8 1/2-1/2

[Event "Early-Titled-Tuesday-Blitz-May-28-2024"]
[Site "Chess.com"]
[Date "2024.05.28"]
[Round "5"]
[White "Sippp"]
[Black "edgarhay012"]
[Result "1/2-1/2"]
[WhiteElo "2799"]
[BlackElo "2619"]
[TimeControl "180+1"]
[EndTime "8:59:17 PDT"]
[Termination "Game drawn - insufficient material"]

1. e4 c5 2. Nf3 e6 3. d4 cxd4 4. Nxd4 Nf6 5. Nc3 Nc6 6. Be2 Be7 7. O-O O-O 8. Nxc6 bxc6 9. e5 Nd5 10. Ne4 f5 11. Nd6 Bxd6 12. exd6 Nf6 13. Bf4 Rb8 14.
b3 c5 15. c4 Bb7 16. Be5 Qe8 17. Qd2 Qg6 18. f3 a6 19. Qe3 Rfc8 20. Rad1 Qf7 21.
Bd3 a5 22. a4 Ra8 23. Bc2 Ra6 24. Rf2 Qh5 25. Rdd2 h6 26. Kf1 Rb6 27. h3 Qh4 28.
Bc3 Ra6 29. Qe5 Qg5 30. Ke1 Qh4 31. Kd1 Ba8 32. Kc1 Qg5 33. Kb2 Qh4 34. Ka3 Rb6 35. Bxa5 Ra6 36. Bc3 Bc6 37. g4 Qxh3 38. gxf5 Rca8 39.
fxe6 Qxe6 40. Qxe6+ dxe6 41. Rfe2 Kf7 42. f4 Ne8 43.
Re5 Bd7 44. Rxc5 Rxd6 45. Rg2 Nf6 46. Rc7 Rc8 47. Rxc8 Bxc8 48. Be5 Rd8 49. a5 Bb7 50. Re2 Ng4 51. b4 h5 52. b5 h4 53. c5 Bf3 54.
Re1 h3 55. c6 h2 56. a6 h1=Q 57. Rxh1 Bxh1 58. Kb4 Ke7 59. Kc5 Ne3 60. Bb3 Nd5 61. a7 Ra8 62. b6 Nxb6 63. Kxb6 Bxc6 64. Bb8 Bf3 65. Kc5 g6 66. Kd4 Kf7 67. Ke5 Bg4 68. Bc2 Bf5 69. Bd1 g5 70. fxg5 Kg6 71. Kf4 e5+ 72. Kxe5 Kxg5 73. Bf3 Rxa7 74. Bxa7 Bg4 75. Be3+ Kh4 76. Be4 Kg3 77. Bd2 Bf3 78. Be1+ Kg2 79.
Bd3 Kh3 80. Kf4 Bb7 81. Bf1+ Kh2 82. Bf2 Kh1 83. Bg3 Bg2 84. Bd3 Ba8 85. Bh4 Bb7 86. Kg3 Ba8 87. Bg5 Bb7 88. Be3 Ba8 89. Kh3 Bb7 90.
Kg3 Ba8 91. Kf4 Bb7 92. Bf2 Ba8 93. Ke3 Bb7 94. Bh4 Ba8 95. Kf2 Bb7 96. Bf1 Ba8 97. Bh3 Bb7 98. Kg3 Ba8 99. Bg5 Bc6 100. Bg4 Ba8 101. Bf3+ Bxf3 1/2-1/2